[Event "Early-Titled-Tuesday-Blitz-September-12-2023"]
[Site "Chess.com"]
[Date "2023.09.12"]
[Round "6"]
[White "DTChess"]
[Black "Aygehovit1992"]
[Result "1-0"]
[WhiteElo "2518"]
[BlackElo "2718"]
[TimeControl "180+1"]
[EndTime "9:07:06 PDT"]
[Termination "DTChess won on time"]

1. e4 c5 2. Nf3 d6 3. Nc3 Nf6 4. d4 cxd4 5. Nxd4 g6 6. Be3 Nc6 7. f3 h5 8. Qd2 Nxd4 9. Bxd4 Bh6 10. Be3 Bxe3 11. Qxe3 Be6 12. O-O-O Qa5 13. Kb1 Rc8 14. a3 h4 15. Be2 Rh5 16. Rd4 Rhc5 17. Rb4 Rxc3 18.
bxc3 Qxa3 19. Rb2 Qxc3 20. Qxc3 Rxc3 21. Rxb7 a5 22. Kb2 Re3 23. Bb5+ Kf8 24. h3 Nh5 25. Ra1 Nf4 26. Bf1 d5 27. exd5 Bxd5 28. Rb8+ Kg7 29. Rxa5 Re1 30. Ra1 Re6 31. Rb4 g5 32.
Rd1 Bc6 33. Bc4 Re5 34. Rd2 e6 35. Bb3 Kf6 36. Rb8 Bb5 37. Rf8 Kg7 38. Rb8 Bf1 39. Rdd8 Bxg2 40. Rg8+ Kf6 41. Rgf8 Bxf3 42. Rbc8 Nxh3 43.
Rc7 Bh5 44. Rh8 Bg6 45. c4 Nf4 46. Kc3 h3 47. c5 Nh5 48. Ra7 Re3+ 49. Kb4 Re4+ 50.
Kb5 Re3 51. Bc4 h2 52. Ra1 Rh3 53. c6 Bf5 54. c7 e5 55. Rh7 Nf4 56. Rxf7+ Kg6 57.
Rxf5 Kxf5 58. c8=Q+ Ke4 59. Qc6+ Ke3 60. Qc5+ Kf3 61.
Ra3+ Kg4 62. Rxh3 Kxh3 63. Qe3+ 1-0

[Event "Early-Titled-Tuesday-Blitz-September-12-2023"]
[Site "Chess.com"]
[Date "2023.09.12"]
[Round "6"]
[White "Eagle_2019"]
[Black "Grossboss19"]
[Result "1/2-1/2"]
[WhiteElo "2682"]
[BlackElo "2542"]
[TimeControl "180+1"]
[EndTime "9:07:06 PDT"]
[Termination "Game drawn by repetition"]

1. d4 d5 2. Nf3 Nf6 3. e3 c5 4. c4 e6 5. Nc3 cxd4 6. exd4 Nc6 7. c5 Ne4 8. Bb5 Nxc3 9. bxc3 Bd7 10. O-O Be7 11.
Rb1 O-O 12. Bf4 Na5 13. Bxd7 Qxd7 14. Ne5 Qc8 15. Qa4 b6 16. Rfc1 f6 17. Nd7 Rf7 18.
cxb6 Bd6 19. Qxa5 Qxd7 20. b7 Rb8 21. Bxd6 Qxd6 22. Qxa7 Qc7 23. Qb6 Re7 24. a4 Qxb6 25. Rxb6 Rbxb7 26. Rcb1 Rxb6 27. Rxb6 Rc7 28. Rb3 e5 29. dxe5 d4 30. e6 Kf8 31. c4 Rxc4 32. Kf1 Rxa4 33. Rb7 d3 34. e7+ Ke8 35. Ke1 Ra2 36.
g4 Re2+ 37. Kf1 Rxe7 38. Rb3 Rd7 39. Ke1 Kf7 40. Kd2 Ke6 41. Rxd3 Rxd3+ 42. Kxd3 Ke5 43. Ke3 g6 44. f4+ Kd5 45. Kd3 h6 46. h4 g5 47.
fxg5 fxg5 48. hxg5 hxg5 49. Ke3 Ke5 50. Kf3 Kd4 51. Kf2 Ke4 52. Kg3 Ke3 53. Kg2 Kf4 54. Kf2 Ke4 55. Kg2 Ke3 56. Kg3 Ke4 57. Kg2 Kd3 58.
Kf3 Kd4 59. Kf2 Ke4 1/2-1/2

[Event "Early-Titled-Tuesday-Blitz-September-12-2023"]
[Site "Chess.com"]
[Date "2023.09.12"]
[Round "6"]
[White "JimDiGrease"]
[Black "Orest_Vovk"]
[Result "1-0"]
[WhiteElo "2863"]
[BlackElo "2555"]
[TimeControl "180+1"]
[EndTime "9:07:09 PDT"]
[Termination "JimDiGrease won on time"]

1. d4 h6 2. e4 g5 3. h4 g4 4. Qxg4 d5 5. Qf3 dxe4 6. Qxe4 Nf6 7. Qe3 Nc6 8. c3 Qd5 9. Nf3 Bg4 10. Be2 O-O-O 11.
Nbd2 e5 12. dxe5 Nh5 13. Qe4 Qd7 14. Nc4 f5 15. Qc2 f4 16. Nd4 Nxd4 17. cxd4 Bxe2 18.
Qxe2 Qxd4 19. O-O Ng3 20. Qg4+ Kb8 21. Re1 Qxc4 22. fxg3 Bc5+ 23. Kh2 fxg3+ 24. Kh3 Rd4 25. Qxg3 Rg8 26. Qf2 Qe6+ 27. Kh2 Re4 28. Be3 Rxe3 29.
Rxe3 Bxe3 30. Qxe3 Qg4 31. Qf2 Qe6 32. Re1 Qe7 33. Qf6 Qe8 34. e6 Rf8 35. Qe5 Qc8 36.
e7 Re8 37. Qf6 Qd7 38. Qxh6 a6 39. Qg5 Qd6+ 40. Re5 Qd1 41. h5 Qd6 42. h6 Qd3 43.
Qg7 Qd4 44. h7 Qh4+ 45. Kg1 Qd4+ 46. Kf1 Qf4+ 47. Ke2 Qc4+ 48. Kf3 Qd3+ 49. Kf4 Qd4+ 50. Kf5 Qd3+ 51. Kg4 Qd4+ 52. Kf3 Qd3+ 53. Re3 Qf5+ 54. Kg3 Qh5 55. Qg8 1-0

[Event "Early-Titled-Tuesday-Blitz-September-12-2023"]
[Site "Chess.com"]
[Date "2023.09.12"]
[Round "6"]
[White "Daniel_Salinas"]
[Black "Bilan_Danila"]
[Result "1/2-1/2"]
[WhiteElo "2381"]
[BlackElo "2595"]
[TimeControl "180+1"]
[EndTime "9:07:09 PDT"]
[Termination "Game drawn by agreement"]

1. e4 c6 2. Nf3 d5 3. d3 Bg4 4.
h3 Bh5 5. g4 Bg6 6. Qe2 e6 7.
Ne5 Nd7 8. Nxg6 hxg6 9. Bg2 dxe4 10. dxe4 Qc7 11. f4 e5 12. f5 gxf5 13. exf5 Bc5 14.
Nc3 Ngf6 15. Bd2 O-O-O 16. O-O-O Nb6 17. g5 Nh5 18. Ne4 Be7 19. Bf3 Nf4 20. Bxf4 exf4 21. f6 gxf6 22. gxf6 Rxd1+ 23. Rxd1 Bd8 24. Bg4+ Kb8 25.
c4 Qe5 26. Rd6 Re8 27. Bf3 Qxd6 28. Nxd6 Rxe2 29. Bxe2 Bxf6 30. Nxf7 Kc7 31. Kc2 Kd7 32. Nh6 Ke6 33. Ng4 Bh4 34. Nh2 Nd7 35. Bg4+ Kd6 36. Bxd7 Kxd7 37. Nf3 Bf6 38. Kd3 Bxb2 39. Ke4 Bc1 40. h4 Ke6 41. h5 Kf6 42. Ne1 Kg5 43. Nd3 Be3 44. h6 Kxh6 45. Nxf4 Bxf4 46. Kxf4 Kg6 47.
Ke5 Kg5 48. Kd6 Kf5 49. Kc7 Ke5 50. Kxb7 Kd4 51. Kxa7 Kxc4 52. Kb6 c5 53. a4 Kb4 54.
a5 c4 55. a6 c3 56. a7 c2 57.
a8=Q c1=Q 58. Qa5+ Kb3 59. Qb5+ 1/2-1/2

[Event "Early-Titled-Tuesday-Blitz-September-12-2023"]
[Site "Chess.com"]
[Date "2023.09.12"]
[Round "6"]
[White "EvgenyBurmakin"]
[Black "Shuvalov"]
[Result "0-1"]
[WhiteElo "2277"]
[BlackElo "2431"]
[TimeControl "180+1"]
[EndTime "9:07:09 PDT"]
[Termination "Shuvalov won by resignation"]

1. e4 e6 2. d4 d5 3. Nd2 c5 4.
exd5 exd5 5. Ngf3 Nc6 6. Bb5 Qe7+ 7. Be2 Qc7 8. O-O Nf6 9. Re1 Be6 10. Bb5 O-O-O 11.
dxc5 Bxc5 12. Nb3 Bb6 13. c3 Ng4 14. Re2 h5 15. g3 h4 16. Bf4 Qe7 17. Qd3 hxg3 18.
hxg3 Rh5 19. Bxc6 bxc6 20. Qa6+ Qb7 21. Qxb7+ Kxb7 22. Nbd4 Re8 23. Rae1 Rhh8 24. Nxe6 fxe6 25. Ne5 Nxe5 26. Rxe5 Kc8 27. Rxe6 Rxe6 28. Rxe6 Kb7 29. Re7+ Ka6 30. Rxg7 d4 31. Rd7 dxc3 32. bxc3 Kb5 33. Be3 Bxe3 34. fxe3 a5 35. Kf2 Kc4 36. Rc7 c5 37. Ke2 Rh2+ 38. Kf3 Rxa2 39. g4 a4 40. g5 Ra1 41. g6 Rg1 42. g7 a3 43. Ra7 Kb3 44. Kf2 Rg6 45. e4 a2 46. Ke3 Rxg7 47.
Rxg7 a1=Q 48. Rb7+ Kc4 49. Kf4 Qxc3 50. e5 Qd4+ 51.
Kf5 Qd3+ 52. Ke6 Qd5+ 53. Kf6 Qxb7 54. e6 Qe4 55. e7 Kd5 56. Kf7 Qxe7+ 57. Kxe7 c4 58.
Kf6 c3 59. Kf5 c2 60. Kf6 c1=Q 61. Ke7 Qe3+ 62. Kf6 Qe6+ 0-1

[Event "Early-Titled-Tuesday-Blitz-September-12-2023"]
[Site "Chess.com"]
[Date "2023.09.12"]
[Round "6"]
[White "RandomNoob04"]
[Black "falzehope0"]
[Result "1-0"]
[WhiteElo "2630"]
[BlackElo "2440"]
[TimeControl "180+1"]
[EndTime "9:07:14 PDT"]
[Termination "RandomNoob04 won by resignation"]

1. e4 d5 2. exd5 Nf6 3. Nf3 Qxd5 4. Nc3 Qh5 5. Be2 Bg4 6. O-O Nc6 7. h3 O-O-O 8.
hxg4 Nxg4 9. d3 e5 10. Nh4 f5 11.
g3 g5 12. Bxg4 fxg4 13. Ng2 Nd4 14. Ne1 Bc5 15. Ne4 Nf3+ 16. Nxf3 gxf3 17. Bxg5 Rdg8 18. Nxc5 Rxg5 19. Ne4 Rf5 20. Nd2 Rhf8 21. Nxf3 Rxf3 22.
Qe1 Qf5 23. Qe4 Qf6 24. Qe2 h5 25. Rae1 h4 26. Qxe5 hxg3 27. Qxf6 R8xf6 28. fxg3 Rxg3+ 29. Kh2 Rfg6 30. Rf7 Rg2+ 31. Kh1 b6 32. Ree7 R2g5 33.
Rxc7+ Kd8 34. Rfd7+ Ke8 35. Rh7 Rg1+ 36. Kh2 R1g2+ 37. Kh1 Rg1+ 38. Kh2 R1g2+ 39. Kh3 R6g3+ 40. Kh4 Rg4+ 41. Kh5 Rg5+ 42. Kh6 Rg6+ 43. Kh5 R2g5+ 44. Kh4 Rg4+ 45. Kh5 R4g5+ 46. Kh4 Rg3 47. Rh8+ Rg8 48. Rxg8+ Rxg8 49. Rc8+ Kf7 50. Rxg8 Kxg8 51. Kg4 Kf7 52. Kf5 Ke7 53. Ke5 Kd7 54. Kd5 Kc7 55. c4 Kd7 56. d4 Kc7 57. c5 bxc5 58. dxc5 Kd7 59. c6+ Kc7 60. Kc5 Kd8 61. b4 Kc7 62. b5 Kd8 63. b6 axb6+ 64. Kxb6 Kc8 65. c7 Kd7 66. Kb7 Kd6 67. c8=Q Kd5 68. a4 Kd4 69. a5 Kd3 70. a6 Kd4 71. a7 Kd3 72. a8=Q Kd4 73. Qab8 Kd5 74. Qbc7 Ke4 75. Q8d8 Kf5 76. Qce7 Kf4 77. Qdf8+ Kg4 78. Qeg7+ 1-0

[Event "Early-Titled-Tuesday-Blitz-September-12-2023"]
[Site "Chess.com"]
[Date "2023.09.12"]
[Round "6"]
[White "sergoy"]
[Black "FairChess_on_YouTube"]
[Result "0-1"]
[WhiteElo "2926"]
[BlackElo "3047"]
[TimeControl "180+1"]
[EndTime "9:07:17 PDT"]
[Termination "FairChess_on_YouTube won by checkmate"]

1. d4 Nf6 2. c4 e6 3. Nf3 b6 4. g3 Bb7 5. Bg2 Bb4+ 6. Bd2 a5 7. O-O O-O 8. Bf4 Be7 9. Qc2 Be4 10. Qd2 Bb7 11. h4 d6 12. Nc3 Ne4 13. Qc2 Nxc3 14. Qxc3 Nd7 15. Rfe1 Nf6 16. Rad1 Be4 17. Qe3 h6 18.
Bh3 Qe8 19. Nd2 Bb7 20. Bg2 Ng4 21. Qc3 Bxg2 22. Kxg2 e5 23. Be3 f5 24. f3 Nxe3+ 25. Qxe3 Qg6 26. Rh1 Rae8 27. d5 e4 28. f4 Bf6 29. h5 Qf7 30. b3 Ra8 31. Nf1 a4 32. b4 a3 33. Qb3 b5 34. Ne3 Qd7 35. c5 Bb2 36. Rd2 Qf7 37. Rc2 Kh7 38. Rd2 Rfc8 39. Rc2 Bd4 40. Rd1 Bxe3 41. Qxe3 Qxh5 42. Rdc1 Rf8 43.
cxd6 cxd6 44. Rc7 Rf6 45. Rb7 Rg6 46. Rxb5 Rg4 47. Rb7 Qg6 48. Rcc7 Rg8 49. Rc1 h5 50. Rh1 h4 51. Kf2 Rc8 52. Rxh4+ Rxh4 53. gxh4 Rc2 54. Qh3 Rxa2 55. h5 Qf6 56. h6 Qd4+ 57. Kg3 Qe3+ 58.
Kh4 Qxf4+ 59. Kh5 Qxh6# 0-1

[Event "Early-Titled-Tuesday-Blitz-September-12-2023"]
[Site "Chess.com"]
[Date "2023.09.12"]
[Round "6"]
[White "DefiantChair"]
[Black "bazar-wokzal"]
[Result "0-1"]
[WhiteElo "2672"]
[BlackElo "2547"]
[TimeControl "180+1"]
[EndTime "9:07:17 PDT"]
[Termination "bazar-wokzal won on time"]

1. e4 Nc6 2. Nf3 d5 3. exd5 Qxd5 4. Nc3 Qa5 5. d4 Bg4 6. Bc4 O-O-O 7. Be3 Nf6 8. h3 Bxf3 9. Qxf3 e5 10. d5 Nd4 11. Qd1 Bb4 12. O-O Bxc3 13. bxc3 Qxc3 14. Bb3 Nxb3 15. axb3 Rxd5 16. Rxa7 Rxd1 17. Ra8+ Kd7 18. Rxd1+ Ke6 19. Rxh8 Qxc2 20. Rc1 Qxb3 21. Rxc7 Nd5 22. Re8+ Kf6 23. Rd7 Nxe3 24. fxe3 Qxe3+ 25. Kh2 Qf4+ 26. Kh1 b5 27. Ree7 Kg6 28. Rb7 b4 29. Rb6+ f6 30. Rbb7 Kf5 31. Rxg7 Qc1+ 32. Kh2 Qf4+ 33. Kg1 Qe3+ 34.
Kh2 b3 35. Rg3 Qf4 36. Rxb3 e4 37. Kg1 h5 38. Rb5+ Ke6 39. Rbb3 h4 40. Rge3 f5 41. Re1 Kf6 42. Kh1 Kg5 43. Rb5 Kg6 44.
Rb6+ Kg5 45. Rbb1 Qd2 46. Rf1 e3 47. Rb5 Qd3 48. Rbb1 e2 49. Rfe1 Qd2 50. Kg1 Qe3+ 51. Kh2 Qf2 52. Kh1 f4 53. Rb5+ Kg6 54. Rbb1 f3 55. Rg1 Kf5 56. gxf3 Qxf3+ 57. Kh2 Qf4+ 0-1

[Event "Early-Titled-Tuesday-Blitz-September-12-2023"]
[Site "Chess.com"]
[Date "2023.09.12"]
[Round "6"]
[White "RobertoJBM"]
[Black "artooon"]
[Result "0-1"]
[WhiteElo "2819"]
[BlackElo "3049"]
[TimeControl "180+1"]
[EndTime "9:07:19 PDT"]
[Termination "artooon won on time"]

1. d4 d5 2. c4 e6 3. Nc3 Nf6 4. Bg5 Be7 5. cxd5 Nxd5 6. Bxe7 Qxe7 7. Nf3 O-O 8. e3 Nxc3 9. bxc3 c5 10. Bd3 b6 11. O-O Bb7 12. Qe2 Nc6 13. Rad1 Rfd8 14. Ba6 Na5 15. Bxb7 Nxb7 16. e4 Rac8 17. Rfe1 h6 18. h3 Na5 19. d5 exd5 20. exd5 Qxe2 21. Rxe2 Kf8 22. Kf1 Nc4 23. Ne5 Nd6 24. g4 Nb5 25. Re3 f6 26. Ng6+ Kf7 27. Nf4 Rd7 28. a4 Nd6 29. h4 a6 30. h5 Re8 31. Rxe8 Kxe8 32.
Ke2 Re7+ 33. Ne6 Nc4 34. Kf3 Kd7 35. Kf4 Kd6 36. Kf5 b5 37. axb5 axb5 38. Kg6 Ne5+ 39. Kf5 Rb7 40. f4 Nc4 41. Kg6 Ne3 42. Rd2 b4 43.
cxb4 cxb4 44. Nxg7 b3 45. Ne8+ Kc5 46. Nxf6 b2 47.
Rxb2 Rxb2 48. Kxh6 Nxd5 49. Nxd5 Kxd5 50. g5 Ke6 51. g6 Kf6 52. g7 Rg2 53. f5 Rg3 54.
Kh7 Rxg7+ 55. Kh8 Rb7 56. h6 Kxf5 57. h7 Kg6 0-1

[Event "Early-Titled-Tuesday-Blitz-September-12-2023"]
[Site "Chess.com"]
[Date "2023.09.12"]
[Round "6"]
[White "BatboldNyamsuren0919"]
[Black "MateusViageiro"]
[Result "1-0"]
[WhiteElo "2486"]
[BlackElo "2141"]
[TimeControl "180+1"]
[EndTime "9:07:20 PDT"]
[Termination "BatboldNyamsuren0919 won on time"]

1. Nf3 Nf6 2. d4 e6 3. Bg5 b6 4. Nbd2 Bb7 5. e4 Be7 6. Bd3 c5 7. c3 cxd4 8. cxd4 Nc6 9. O-O h6 10. Bh4 O-O 11. Rc1 Rc8 12. Bb1 d5 13. e5 Nd7 14. Qc2 g6 15. Bxe7 Nxe7 16. Qa4 a6 17. h4 b5 18. Qa3 h5 19. Ng5 Nb6 20. b3 Qd7 21. Ndf3 Rxc1 22. Rxc1 Rc8 23. Rxc8+ Nbxc8 24. Qc5 Qc6 25. a3 Kg7 26. b4 Qd7 27. Qc1 Nf5 28.
Bxf5 exf5 29. e6 fxe6 30. Ne5 Qe7 31. Nh3 Nd6 32. Nf4 Nc4 33. Nexg6 Qd6 34. Nxh5+ Kxg6 35. Qg5+ Kf7 36. Qg7+ Ke8 37. Qxb7 e5 38. Ng7+ Kf8 39. Nxf5 Qf6 40. Qc8+ Kf7 41. Qd7+ Kg6 42. Ne7+ Kh5 43.
Nxd5 Qg6 44. dxe5 Nxe5 45. Nf4+ Kh6 46. Nxg6 Nxd7 47. Ne7 Nb6 48. Nc6 Nc4 49. Nb8 Nxa3 50. Nxa6 Nc2 51. Nc7 Nxb4 52. Nxb5 Nd3 53. g3 Kh5 54.
Kg2 Ne1+ 55. Kh3 Nf3 56. g4+ Kh6 57. Kg3 Ng1 58. Nd4 Kg6 59. Kg2 1-0

[Event "Early-Titled-Tuesday-Blitz-September-12-2023"]
[Site "Chess.com"]
[Date "2023.09.12"]
[Round "6"]
[White "Boundless_Strike"]
[Black "MathiasWomacka"]
[Result "1-0"]
[WhiteElo "2634"]
[BlackElo "2475"]
[TimeControl "180+1"]
[EndTime "9:07:22 PDT"]
[Termination "Boundless_Strike won by resignation"]

1. d3 Nf6 2. e4 c5 3. f4 Nc6 4. Nf3 g6 5. Be2 d5 6. e5 Nh5 7. O-O Bh6 8. g3 f6 9. exf6 exf6 10. f5 Bxc1 11. Qxc1 Bxf5 12. Qh6 Qe7 13. Nc3 O-O-O 14. Nh4 Nd4 15. Bxh5 Bh3 16. Rfe1 Qd6 17. Bd1 Bd7 18. Qf4 Qc6 19. Nf3 Nf5 20. d4 g5 21. Qd2 g4 22. Nh4 Nxd4 23. Ne2 Nxe2+ 24. Bxe2 d4 25. Bf1 Qd6 26. Qf4 Qxf4 27. gxf4 Rhe8 28. Bd3 h6 29. Kf2 Kc7 30. Rxe8 Rxe8 31. Re1 Rxe1 32. Kxe1 b5 33. Bf5 Bc6 34. Bxg4 Be4 35. Bf5 Bd5 36. a3 c4 37. Ke2 Kd6 38. Kd2 a5 39. c3 Kc5 40. Bg4 dxc3+ 41. bxc3 b4 42. axb4+ axb4 43.
cxb4+ Kxb4 44. Bf5 c3+ 45. Kc1 Kc4 46. Bc2 Kd4 47.
Nf5+ Kc5 48. Nxh6 Be6 49. f5 Bd5 50. Ng4 Kd4 51. Nxf6 Bf3 52. Nh7 Ke5 53. f6 Bh5 54. Bb3 Kf5 55. f7 Bxf7 56. Bxf7 Kg4 57. Be6+ Kf3 58.
h3 Kg3 59. Bg4 Kf4 60. Kc2 Kg3 61. Kxc3 Kf4 62. Kd4 Kg3 63. Ke5 Kh4 64. Kf6 Kg3 65. Kg5 Kf2 66. h4 Ke3 67. h5 Ke4 68. Kf6 1-0

[Event "Early-Titled-Tuesday-Blitz-September-12-2023"]
[Site "Chess.com"]
[Date "2023.09.12"]
[Round "6"]
[White "nss13"]
[Black "Arteler"]
[Result "1/2-1/2"]
[WhiteElo "2547"]
[BlackElo "2428"]
[TimeControl "180+1"]
[EndTime "9:07:22 PDT"]
[Termination "Game drawn by stalemate"]

1. e4 e6 2. d4 d5 3. Nd2 Nf6 4. e5 Nfd7 5. Bd3 c5 6. c3 Nc6 7. Ne2 cxd4 8. cxd4 f6 9. exf6 Nxf6 10. Nf3 Bd6 11. O-O O-O 12. Bf4 Bxf4 13. Nxf4 Ne4 14. Qc1 Qf6 15. Ne2 e5 16. Bxe4 dxe4 17. Nxe5 Nxe5 18. dxe5 Qxe5 19. Qc3 Qb5 20. Ng3 Bf5 21. a4 Qb6 22. Nxf5 Rxf5 23. Qc4+ Kh8 24. Qxe4 Raf8 25. Qe2 h6 26. Rac1 Rf4 27. Rc4 Rxc4 28. Qxc4 Qxb2 29.
Qc5 Ra8 30. h3 a5 31. Re1 Qb4 32. Qxb4 axb4 33. Re7 Ra7 34. g3 Kg8 35. Kg2 Kf8 36. Rc7 g6 37. a5 Ke8 38. Rc4 Rxa5 39. Rxb4 b5 40. Kf3 Kd7 41. Ke3 Kc6 42. Rf4 Ra3+ 43. Kd2 Ra2+ 44. Kc3 Kc5 45. Rf6 g5 46. f4 Ra3+ 47. Kb2 Rxg3 48. Rxh6 gxf4 49. Rf6 f3 50. h4 Kb4 51. Rf4+ Ka5 52. h5 Rh3 53. h6 b4 54. h7 Ka4 55. Rxf3 Rh2+ 56. Kb1 Rxh7 57.
Rf1 Rh2 58. Rg1 Ka3 59. Rf1 Kb3 60. Rg1 Rb2+ 61. Ka1 Ra2+ 62. Kb1 Rb2+ 63. Ka1 Rd2 64. Kb1 Kc3 65. Rg3+ Rd3 66. Rxd3+ Kxd3 67. Kb2 Kc4 68. Kc2 Kb5 69. Kb3 Kc5 70. Kb2 Kc4 71. Kc2 b3+ 72. Kb2 Kb4 73. Kb1 Ka4 74. Kb2 Kb4 75. Kb1 Kc3 76. Kc1 b2+ 77. Kb1 Kb3 1/2-1/2

[Event "Early-Titled-Tuesday-Blitz-September-12-2023"]
[Site "Chess.com"]
[Date "2023.09.12"]
[Round "6"]
[White "AsselLesbekova"]
[Black "Triumphmate"]
[Result "1/2-1/2"]
[WhiteElo "2337"]
[BlackElo "2506"]
[TimeControl "180+1"]
[EndTime "9:07:23 PDT"]
[Termination "Game drawn by repetition"]

1. e4 d5 2. exd5 Nf6 3. Bb5+ c6 4. dxc6 Nxc6 5. h3 Bf5 6. d3 e6 7. Nf3 Be7 8. Nc3 O-O 9. Be3 Nd5 10. Nxd5 exd5 11.
c3 a6 12. Ba4 b5 13. Bc2 Rc8 14. a3 a5 15. O-O b4 16. cxb4 axb4 17. Nd4 Nxd4 18.
Bxd4 Bf6 19. Bxf6 Qxf6 20. Bb3 Qg6 21. d4 bxa3 22. bxa3 Rfd8 23. Qf3 Be4 24. Qg4 Qb6 25.
Bd1 Rc6 26. Bf3 Rg6 27. Qh5 Qxd4 28. Kh1 Qf6 29. Bxe4 dxe4 30. Rg1 h6 31. Qe2 Qe5 32. a4 f5 33. g3 f4 34. gxf4 Rxg1+ 35. Rxg1 Qxf4 36.
Qe3 Qf5 37. Qg3 g5 38. Qg4 Qxf2 39. Qe6+ Qf7 40. Qxe4 Qd5 41. Qxd5+ Rxd5 42. Ra1 Ra5 43. Kg2 Kg7 44. Kg3 Kg6 45. h4 Kf5 46. hxg5 hxg5 47.
Kf3 g4+ 48. Kg3 Kg5 49. Ra3 Kf5 50. Ra2 Kg5 51. Ra3 Kh5 52. Ra2 Rf5 53. Ra3 Ra5 54. Ra2 Kg5 55. Ra1 Kf5 56. Ra3 Kg5 57. Ra2 Kf5 58.
Ra3 Kg5 59. Ra2 Kf5 60. Ra3 1/2-1/2

[Event "Early-Titled-Tuesday-Blitz-September-12-2023"]
[Site "Chess.com"]
[Date "2023.09.12"]
[Round "6"]
[White "Goi_Manne"]
[Black "Dewarfd"]
[Result "0-1"]
[WhiteElo "2305"]
[BlackElo "2157"]
[TimeControl "180+1"]
[EndTime "9:07:23 PDT"]
[Termination "Dewarfd won by resignation"]

1. e4 e5 2. Nf3 Nc6 3. Bc4 Nf6 4. d3 Be7 5. c3 d5 6. exd5 Nxd5 7. O-O O-O 8. Re1 Nb6 9. Bb3 Bf6 10. Nbd2 Bf5 11.
Ne4 Bxe4 12. dxe4 Qxd1 13. Rxd1 Rad8 14. Be3 Rxd1+ 15. Rxd1 Rd8 16. Rxd8+ Bxd8 17. Kf1 Kf8 18. Ke2 f6 19. Kd3 Na5 20. Bc5+ Be7 21. Bxe7+ Kxe7 22. Bg8 h6 23. b3 Kf8 24. Bh7 Nc8 25.
c4 Nd6 26. c5 Nf7 27. b4 Nc6 28. Kc4 Ne7 29. Nh4 b6 30. Ng6+ Nxg6 31. Bxg6 Ng5 32.
f3 Ne6 33. g3 Ng5 34. Bh5 g6 35. Bxg6 Nxf3 36. h4 Nd2+ 37. Kd5 Ke7 38. Kc6 Kd8 39. Kb7 bxc5 40. bxc5 a5 41. Ka6 a4 42. Kb5 a3 43.
Kb4 Nf1 44. g4 Ne3 45. Bf5 Ng2 46. h5 Nf4 47. Kxa3 Nd3 48. c6 Ke7 49. Kb3 Kd6 50. Bd7 Nc5+ 51. Kc4 Nxe4 52. a4 Nc5 53. a5 Nxd7 54.
cxd7 Kxd7 55. Kc5 Kc8 56. Kd5 Kb7 57. Ke6 e4 58. Kxf6 e3 59. g5 hxg5 60. Kxg5 e2 61. h6 e1=Q 62. Kg6 Qe5 63. Kh7 Ka6 64. Kg8 Kxa5 65.
h7 c5 0-1

[Event "Early-Titled-Tuesday-Blitz-September-12-2023"]
[Site "Chess.com"]
[Date "2023.09.12"]
[Round "6"]
[White "Dr_crypt"]
[Black "Alphafischer2019"]
[Result "0-1"]
[WhiteElo "2407"]
[BlackElo "2539"]
[TimeControl "180+1"]
[EndTime "9:07:24 PDT"]
[Termination "Alphafischer2019 won on time"]

1. d4 Nf6 2. Nf3 g6 3. c4 c5 4. d5 Bg7 5. Nc3 d6 6. e4 e5 7. Be2 h6 8. O-O Nh5 9. g3 O-O 10. Ne1 Nf6 11. Nd3 a6 12. a4 Bh3 13. Re1 Nbd7 14.
f3 Nb6 15. g4 Nh7 16. Nf2 Qh4 17. Be3 f5 18. Nxh3 Qxh3 19. Bf1 Qh4 20. Bf2 Qf6 21.
exf5 gxf5 22. gxf5 Qxf5 23. a5 Nd7 24. Ne4 Qg6+ 25.
Kh1 Ng5 26. Nxg5 hxg5 27. Bd3 Qh5 28. Kg2 Rf4 29. Re4 Raf8 30. Bg3 Qxf3+ 31. Qxf3 Rxf3 32.
Be2 Rb3 33. Bg4 Rxb2+ 34. Re2 Rxe2+ 35. Bxe2 Nf6 36. Rb1 Rf7 37. Rb6 Rd7 38. Bd1 Bf8 39.
Ba4 Rc7 40. Bxe5 Ne4 41. Bg3 Kf7 42. Bc2 Nxg3 43. hxg3 Kf6 44. Rb1 Ke5 45. Rf1 Bg7 46. Rf5+ Kd4 47. Rxg5 Kxc4 48. g4 Kb4 49. Rg6 Be5 50.
g5 Kxa5 51. Re6 Kb4 52. g6 c4 53. Rxe5 dxe5 54. d6 Rg7 55. Bf5 c3 56. d7 Rg8 57.
Kf3 Kc5 58. Be6 Rd8 59. Ke3 Kd6 60. Bf5 Ke7 61. Kd3 Kf6 0-1

[Event "Early-Titled-Tuesday-Blitz-September-12-2023"]
[Site "Chess.com"]
[Date "2023.09.12"]
[Round "6"]
[White "verrbaa"]
[Black "Fh2411"]
[Result "0-1"]
[WhiteElo "2438"]
[BlackElo "2592"]
[TimeControl "180+1"]
[EndTime "9:07:26 PDT"]
[Termination "Fh2411 won by resignation"]

1. e4 c6 2. d4 d5 3. e5 Bf5 4. h4 h5 5. Bd3 Bxd3 6. Qxd3 Qa5+ 7. Nd2 e6 8. Nf3 Qa6 9. c4 Ne7 10. O-O Nf5 11. b3 Be7 12. g3 Nd7 13. a4 Qa5 14.
Bb2 Bb4 15. Rfc1 O-O 16. Bc3 Rfc8 17. Ng5 Nf8 18. Ndf3 Rd8 19. c5 Rdc8 20. Ne1 Bxc3 21. Rxc3 b6 22. Nc2 bxc5 23. Rxc5 Qb6 24. a5 Qb7 25. a6 Qb6 26. b4 Rab8 27. Nf3 Nd7 28.
Rca5 Qc7 29. Kg2 Rb6 30. Qc3 Qb8 31. Nfe1 Rb5 32. Nd3 Nb6 33. Nc5 Nc4 34. R5a2 Qc7 35. Na3 Nxa3 36. Rxa3 Rcb8 37. Nd3 Qb6 38. Ra5 Nxd4 39.
Rxb5 Nxb5 40. Qc5 Nc7 41. Rc1 Nxa6 42. Qxc6 Qxc6 43. Rxc6 Nxb4 44. Nxb4 Rxb4 45. Ra6 Re4 46. Rxa7 Rxe5 47. Kf3 Re4 48. Rd7 g6 49. Kg2 Kg7 50.
f3 Rc4 51. Kf2 Kf6 52. Ke3 Rc3+ 53. Ke2 Rc4 54. Ke3 Ra4 55. Ke2 Ra3 56. Rc7 Ra2+ 57. Ke3 Rg2 58. Kf4 e5+ 59. Ke3 Rxg3 60. Rc6+ Kf5 61.
Rd6 d4+ 62. Kd3 Rxf3+ 63. Ke2 Re3+ 64. Kf2 f6 65. Rd8 Rh3 0-1

[Event "Early-Titled-Tuesday-Blitz-September-12-2023"]
[Site "Chess.com"]
[Date "2023.09.12"]
[Round "6"]
[White "Roman_Ovetchkin"]
[Black "fen_fire"]
[Result "1/2-1/2"]
[WhiteElo "2640"]
[BlackElo "2489"]
[TimeControl "180+1"]
[EndTime "9:07:30 PDT"]
[Termination "Game drawn by repetition"]

1. d4 c6 2. c4 d6 3. Nf3 Nd7 4. Nc3 Ngf6 5. e4 e5 6. Be2 Be7 7. O-O O-O 8. Re1 Re8 9. Bf1 Bf8 10.
d5 Nc5 11. b4 Na6 12. a3 Nc7 13. h3 a5 14. Rb1 axb4 15. axb4 h6 16. Be3 Bd7 17. b5 c5 18. Ra1 b6 19. Re2 Qe7 20.
Rea2 Rxa2 21. Rxa2 Ra8 22. Rxa8 Nxa8 23. Qa1 Qd8 24.
Qa7 Qc8 25. Kh2 Be7 26. Nd2 Bd8 27. Na4 Bc7 28. g3 Qb8 29. Qxb8+ Bxb8 30. f4 Ne8 31. fxe5 dxe5 32. g4 f6 33. Kg3 Nd6 34. Bd3 Ba7 35. Nf1 Nc7 36. Kf3 Nce8 37. Ng3 Kh7 38. h4 Nc8 39. g5 hxg5 40. hxg5 Kg6 41. gxf6 gxf6 42.
Be2 Bb8 43. Kf2 Ng7 44. Bf3 Bc7 45. Nf1 Nd6 46. Nd2 f5 47. exf5+ Ngxf5 48. Bg4 Nxe3 49.
Bxd7 Nexc4 50. Nxc4 Nxc4 51. Kf3 Nd6 52. Nb2 c4 53.
Nd1 Bd8 54. Nc3 Bg5 55. Ne4 Nxe4 56. Kxe4 c3 57. Kd3 Bd2 58. d6 Kf6 59. Bg4 e4+ 60. Kc2 Bf4 61. d7 Ke7 62. Kxc3 Kd8 63. Kd4 Bh2 64. Kxe4 Bg1 65. Kd5 Bc5 66. Kc6 Bg1 67.
Bh3 Bc5 68. Bg4 Bg1 69. Bh3 Bc5 70. Bg4 1/2-1/2

[Event "Early-Titled-Tuesday-Blitz-September-12-2023"]
[Site "Chess.com"]
[Date "2023.09.12"]
[Round "6"]
[White "FGHSMN"]
[Black "LevonAronian"]
[Result "0-1"]
[WhiteElo "2902"]
[BlackElo "3043"]
[TimeControl "180+1"]
[EndTime "9:07:31 PDT"]
[Termination "LevonAronian won by resignation"]

1. e4 c5 2. Nf3 e6 3. d4 cxd4 4. Nxd4 Nc6 5. Nc3 Qc7 6. Be3 a6 7. g4 h6 8. Qd2 Nf6 9. f3 Ne5 10.
O-O-O Bb4 11. h3 d5 12. Bf4 dxe4 13. Bxe5 Qxe5 14. Nc6 Qd6 15. Qxd6 Bxd6 16. Rxd6 bxc6 17. fxe4 Bb7 18. Bg2 Nd7 19. Rhd1 O-O-O 20. Na4 Kc7 21. R6d2 c5 22. Bf1 Bc6 23. Nc3 Ra8 24. a4 Ne5 25. a5 Rhb8 26. b3 Rb4 27. Rd6 Nf3 28. Na2 Rd4 29.
R6xd4 Nxd4 30. Nc3 Nf3 31. Bd3 Ne5 32. Kd2 Rd8 33. Ke3 Bb7 34. Rf1 f6 35. Na4 Kc6 36. Nb2 Kc7 37. Nc4 Nc6 38. e5 Nxe5 39. Nxe5 fxe5 40.
Rf7+ Rd7 41. Rf8 Kd6 42. Rb8 Kc7 43. Re8 Kd6 44. Bc4 Bd5 45. Bxa6 Ra7 46. Bd3 Rxa5 47.
Rg8 Ra7 48. c4 Bc6 49. Be4 Rb7 50. Bxc6 Kxc6 51. Ke4 Rxb3 52. Rxg7 Rxh3 53. Kxe5 Re3+ 54. Kf4 Rc3 55. Rg6 Rxc4+ 56. Kg3 Kd5 57. Rxh6 Rc1 58. Rh8 c4 59. Rd8+ Ke4 60. Kh4 c3 61. Rc8 c2 62.
Kg5 e5 63. Kg6 Kd3 64. g5 Rf1 65. Rd8+ Ke4 66. Rc8 c1=Q 0-1